Map: Blackpink LE

Players

Clem

  • Race: Terran Terran
  • League: Grandmaster
  • Spawn Location: 7:00

ShoWTimE - Winner!

  • Race: Protoss Protoss
  • League: Grandmaster
  • Spawn Location: 1:00

Event: WESG Barcelona European Finals 2017

VOD

Have the link to the VOD?

Description

Time

  • Played on: Nov. 24, 2017, 5:12 a.m.
  • Length: 9:13

All games in this series

Show
View Real Time Build Order
Export as new Build Order

Clem Terran 

Build Orders: Reaper Expand, MMM Bio 

Get SALT Encoding   

  12  0:00  SCV  
  13  0:13  SCV  
  14  0:17  Supply Depot  
  14  0:25  SCV  
  15  0:39  SCV  
  15  0:40  Barracks  
  16  0:44  Refinery  
  16  0:51  SCV  
  17  1:03  SCV  
  18  1:15  SCV  
  19  1:28  Reaper, Orbital Command  
  20  1:44  Command Center  
  20  1:54  SCV  
  20  1:58  Barracks  
  21  2:02  Barracks Reactor  
  21  2:06  SCV  
  22  2:11  Supply Depot  
  22  2:18  SCV  
  23  2:30  Barracks  
  23  2:32  SCV  
  23  2:38  Marine x2  
  25  2:44  SCV  
  25  2:45  Barracks Tech Lab  
  26  2:55  Marine  
  26  2:56  Marine, SCV  
  29  3:02  Orbital Command  
  29  3:06  Marine  
  29  3:08  SCV  
  29  3:14  Stimpack  
  29  3:21  Marine, SCV, Engineering Bay  
  29  3:25  Marine  
  31  3:29  SCV  
  31  3:32  Marine  
  31  3:33  SCV  
  32  3:36  Marine  
  32  3:39  Marine  
  34  3:41  SCV  
  34  3:43  Marine  
  34  3:45  SCV  
  34  3:47  Missile Turret  
  37  3:50  Terran Infantry Weapons Level 1  
  37  3:53  Marine  
  37  3:54  Marine  
  40  3:55  SCV  
  40  3:57  Marine  
  41  4:03  Supply Depot  
  41  4:04  SCV  
  41  4:07  Marine, SCV  
  44  4:14  Factory  
  44  4:16  Marine, Refinery  
  46  4:17  Barracks Tech Lab  
  46  4:18  Marine  
  46  4:21  SCV  
  46  4:24  SCV  
  46  4:28  Missile Turret  
  46  4:29  Marine  
  48  4:34  Marine, Supply Depot  
  48  4:36  Marine  
  50  4:38  SCV x2  
  50  4:39  Combat Shields  
  50  4:42  Marine  
  53  4:47  Marine  
  53  4:50  Supply Depot  
  54  4:55  Marine x2, SCV x2  
  54  4:57  Refinery  
  58  5:00  Supply Depot  
  58  5:05  Starport  
  58  5:08  SCV  
  58  5:09  SCV  
  59  5:14  Marine x3  
  59  5:15  Factory Reactor  
  59  5:18  Supply Depot  
  62  5:23  SCV x2  
  62  5:24  Refinery  
  62  5:26  Marine  
  65  5:39  Command Center  
  65  5:40  SCV  
  65  5:42  SCV  
  67  5:45  Terran Infantry Armor Level 1  
  67  5:49  Marine x2  
  69  5:51  Marauder  
  69  5:53  Marauder  
  69  5:56  Factory Reactor  
  73  5:58  Medivac  
  73  6:03  Supply Depot  
  75  6:09  SCV  
  75  6:11  Marine  
  74  6:12  Marauder  
  69  6:20  Marauder  
  69  6:21  Medivac  
  69  6:22  SCV x2  
  75  6:25  Supply Depot  
  75  6:29  Concussive Shells  
  75  6:30  Barracks  
  75  6:31  Barracks  
  75  6:32  Medivac  
  77  6:33  Marauder  
  77  6:34  SCV  
  77  6:37  SCV  
  74  6:50  Marine x2, Marauder, Widow Mine x2  
  74  6:53  SCV  
  74  6:54  Supply Depot  
  78  6:55  Marauder, SCV  
  79  7:05  Medivac  
  79  7:06  Medivac  
  83  7:09  Marine x2, Missile Turret  
  83  7:13  Orbital Command  
  83  7:14  SCV  
  86  7:16  SCV  
  86  7:19  Barracks Tech Lab, Barracks Reactor  
  86  7:21  Marauder  
  89  7:24  Marauder  
  89  7:26  Widow Mine  
  89  7:28  Starport  
  93  7:31  Refinery  
  93  7:32  SCV  
  93  7:33  SCV  
  93  7:36  Supply Depot  
  95  7:39  Marine x2  
  95  7:41  Marauder  
  95  7:42  SCV  
  95  7:44  Widow Mine  
  100  7:45  SCV  
  100  7:51  Supply Depot  
  103  7:53  Marauder  
  103  7:54  Fusion Core  
  103  7:55  SCV x2  
  107  8:00  Refinery  
  107  8:02  SCV  
  108  8:08  Marine x4  
  108  8:11  Marauder x2, SCV  
  117  8:13  Liberator, SCV  
  117  8:15  Marauder  
  117  8:17  Starport Tech Lab  
  120  8:20  Armory  
  120  8:22  Engineering Bay  
  120  8:23  SCV x2  
  120  8:26  Marine  
  113  8:27  Widow Mine x2  
  113  8:31  Marine x2  
  113  8:32  Marine  
  119  8:45  Marine x2, Marauder x2  
  119  8:46  SCV  
  114  8:49  Marine x2  
  114  8:53  SCV x2  
  114  8:55  Marine  
  115  8:58  SCV  
Show
View Real Time Build Order
Export as new Build Order

ShoWTimE Protoss - Winner!

Build Orders: 1 Gate Expand, Oracle Opening 

Get SALT Encoding   

  12  0:00  Probe  
  13  0:12  Probe  
  14  0:18  Pylon  
  14  0:25  Probe (Chrono Boost)  
  15  0:37  Gateway, Probe (Chrono Boost)  
  17  0:45  Assimilator  
  17  0:46  Probe (Chrono Boost)  
  17  0:51  Probe  
  18  1:03  Probe  
  19  1:15  Probe  
  20  1:23  Nexus  
  20  1:33  Cybernetics Core  
  20  1:35  Probe  
  21  1:43  Assimilator  
  21  1:47  Probe  
  21  1:51  Pylon  
  22  1:59  Probe  
  23  2:09  Adept (Chrono Boost)  
  23  2:11  Warp Gate  
  23  2:12  Probe  
  26  2:24  Probe  
  26  2:26  Adept (Chrono Boost)  
  29  2:36  Probe x2  
  31  2:40  Stargate  
  31  2:48  Probe (Chrono Boost)  
  31  2:49  Adept  
  35  2:58  Probe (Chrono Boost)  
  36  3:00  Probe x2 (Chrono Boost)  
  36  3:03  Probe  
  37  3:12  Probe  
  38  3:15  Probe  
  38  3:18  Pylon  
  39  3:24  Probe, Oracle (Chrono Boost)  
  43  3:27  Probe  
  42  3:36  Probe  
  42  3:38  Gateway x2  
  42  3:39  Probe  
  47  3:48  Probe  
  47  3:50  Oracle (Chrono Boost)  
  47  3:52  Probe  
  49  3:56  Pylon  
  49  4:00  Probe  
  50  4:04  Probe  
  51  4:11  Nexus  
  51  4:13  Probe  
  51  4:16  Probe  
  53  4:24  Assimilator  
  53  4:25  Probe  
  53  4:26  Shield Battery  
  53  4:28  Assimilator, Probe  
  55  4:34  Shield Battery  
  55  4:36  Pylon  
  55  4:37  Probe  
  56  4:39  Sentry  
  56  4:40  Probe  
  56  4:43  Twilight Council  
  59  4:46  Forge  
  59  4:49  Probe  
  59  4:52  Probe  
  61  4:53  Shield Battery  
  61  4:54  Sentry  
  63  5:00  Pylon  
  63  5:01  Probe  
  63  5:02  Protoss Ground Weapons Level 1 (Chrono Boost)  
  63  5:04  Sentry, Probe  
  67  5:13  Probe  
  68  5:16  Probe  
  68  5:17  Blink (Chrono Boost)  
  68  5:18  Stalker x2  
  68  5:20  Pylon  
  73  5:23  Shield Battery  
  73  5:25  Probe  
  74  5:31  Probe  
  75  5:38  Robotics Facility  
  75  5:39  Probe x2  
  75  5:41  Stalker  
  79  5:46  Stalker  
  79  5:48  Stalker  
  83  5:51  Probe x2  
  83  5:57  Gateway  
  85  6:00  Gateway  
  85  6:12  Gateway  
  85  6:15  Gateway  
  75  6:18  Stalker x2  
  75  6:20  Gateway  
  75  6:22  Stalker  
  81  6:27  Pylon, Shield Battery  
  81  6:28  Observer  
  81  6:29  Protoss Ground Weapons Level 2  
  81  6:32  Shield Battery  
  82  6:35  Pylon  
  82  6:43  Stalker  
  82  6:44  Stalker  
  82  6:46  Probe x2  
  80  6:51  Probe  
  77  6:58  Probe x2  
  77  6:59  Resonating Glaives (Chrono Boost)  
  78  7:03  Sentry, Probe  
  81  7:10  Probe x2, Stalker x4  
  81  7:11  Stalker  
  81  7:15  Probe  
  94  7:19  Warp Prism  
  97  7:22  Probe  
  97  7:26  Sentry  
  97  7:28  Pylon  
  99  7:35  Nexus  
  99  7:38  Pylon  
  99  7:43  Adept x2  
  103  7:47  Adept x2  
  103  7:50  Adept  
  109  7:56  Adept x2  
  113  7:59  Adept  
  113  8:04  Pylon  
  113  8:05  Pylon  
  115  8:16  Adept x3  
  115  8:17  Adept x3  
  127  8:23  Adept x2  
  129  8:41  Adept x6  
  129  8:50  Probe x2  
  129  8:51  Probe  
  129  8:52  Probe  
  133  8:59  Adept x2  
  133  9:01  Adept x5  
  142  9:08  Adept  
Tags
 
Add a new tag
Caveats
  • Supply blocks, unpowered buildings, or Contaminate may cause inaccurate times.
  • Supply counts are checked every 10 seconds.